 Dungeon Crawl Stone Soup version 0.24-a0-201-gf205589 (webtiles) character file.

Game seed: 16704112553898766614

136 Hasart the Insei (level 5, 0/34 HPs)
             Began as an Octopode Transmuter on Mar 22, 2019.
             Succumbed to an adder's poison
             ... on level 3 of the Dungeon.
             The game lasted 00:04:39 (2426 turns).

Hasart the Insei (Octopode Transmuter)              Turns: 2426, Time: 00:04:39

Health: 0/34       AC:  1    Str: 10    XL:     5   Next: 19%
Magic:  2/8        EV: 14    Int: 15    God:
Gold:   68         SH:  0    Dex: 13    Spells: 5/8 levels left

rFire    . . .     SeeInvis .     - Unarmed
rCold    . . .     Gourm    .   (no shield)
rNeg     . . .     Faith    .   (helmet restricted)
rPois    .         Spirit   .   (no amulet)
rElec    .         Reflect  .   (no ring)
rCorr    .         Harm     .   (no ring)
MR       .....                  (no ring)
Stlth    ++........             (no ring)
HPRegen  0.11/turn              (no ring)
MPRegen  0.11/turn              (no ring)
                                (no ring)
                                (no ring)

@: lethally poisoned (0 -> -3)
A: almost no armour, stealthy swim, amphibious, 8 rings, constrict 8, camouflage
1, gelatinous body 1
a: no special abilities


You were on level 3 of the Dungeon.
You were hungry.

You visited 1 branch of the dungeon, and saw 3 of its levels.

You collected 68 gold pieces.

Inventory:

Scrolls
 b - a scroll of amnesia {unknown}
 d - a scroll of immolation {unknown}
 f - 3 scrolls of remove curse {unknown}
 h - a scroll of identify {unknown}
 i - a scroll of fog {unknown}
 k - a scroll of enchant weapon {unknown}
 l - 3 scrolls of blinking {unknown}
Potions
 g - a potion of might {unknown}
Comestibles
 c - 4 rations
 j - 3 chunks of flesh


   Skills:
 + Level 2.2 Fighting
 + Level 2.9 Dodging
 * Level 4.3 Unarmed Combat
 - Level 2.0 Spellcasting
 + Level 2.8 Transmutations


You had 5 spell levels left.
You knew the following spells:

 Your Spells              Type           Power        Failure   Level  Hunger
a - Beastly Appendage     Tmut           ##....       7%          1    #......
b - Sticks to Snakes      Tmut           ##......     11%         2    ###....

Your spell library contained the following spells:

 Spells                   Type           Power        Failure   Level  Hunger
 Spider Form              Tmut/Pois      #.........   36%         3    ###....
 Ice Form                 Ice/Tmut       #.......     77%         4    #####..
 Blade Hands              Tmut           ##........   88%         5    ######.


Dungeon Overview and Level Annotations

Branches:
Dungeon (3/15)

Altars:
Xom
Yredelemnul


Innate Abilities, Weirdness & Mutations

You cannot wear most types of armour.
You are very stealthy in the water. (Stealth+)
You are amphibious.
You can wear up to eight rings at the same time.
You can use your tentacles to constrict eight enemies at once.
Your skin changes colour to match your surroundings (Stealth+).
Your rubbery body absorbs attacks. (AC +1, EV +1)


Message History

* * * LOW HITPOINT WARNING * * *
The adder closely misses you.
Your ball python bites the adder but does no damage.
Your ball python constricts the adder.
The adder misses you. The giant cockroach closely misses you.
Unknown command.
You barely miss the adder.
The adder is severely wounded.
The goblin hits you.
* * * LOW HITPOINT WARNING * * *
The adder bites you.
* * * LOW HITPOINT WARNING * * *
You are lethally poisoned!
The adder poisons you!
Your ball python barely misses the adder.
Your ball python constricts the adder.
The adder misses you. The giant cockroach closely misses you.
You completely miss the adder. You squeeze the adder.
You kill the adder!
You die...

#........(...#.....
#......#.............
......(+...<........
#......#÷.......#..
#...........##..#.#
..........÷.##..#.# ..
............'.....# ....
....#+#.....##g.#.#.....
... .........@..........
.. ..........SsS........
. ..##.....#.#####.....
..#...#..... ....
.....#.#.... ...
.....#+#..... .. ..... g
....#..


You could see an adder, a giant cockroach, a goblin and a friendly ball python.

Vanquished Creatures
  Terence (D:2)
  Robin (D:2)
  A gnoll (D:1)
  3 adders
  2 worms
  A dart slug (D:1)
  2 leopard geckos
  6 bats
  3 giant cockroaches (D:1)
  8 goblins
  8 hobgoblins
  2 quokkas (D:2)
  3 frilled lizards
  2 kobolds (D:2)
  5 rats
48 creatures vanquished.

Vanquished Creatures (collateral kills)
  2 adders (D:2)
  2 goblins (D:2)
4 creatures vanquished.

Grand Total: 52 creatures vanquished

Notes
Turn   | Place    | Note
-------+----------+-------------------------------------------
     0 | D:1      | Hasart the Octopode Transmuter began the quest for the Orb.
     0 | D:1      | Reached XP level 1. HP: 13/13 MP: 3/3
    66 | D:1      | Reached XP level 2. HP: 16/18 MP: 5/5
   346 | D:1      | Reached XP level 3. HP: 8/23 MP: 6/6
   992 | D:2      | Learned a level 2 spell: Sticks to Snakes
  1071 | D:2      | Found a shimmering altar of Xom.
  1072 | D:2      | Found a basalt altar of Yredelemnul.
  1087 | D:2      | Noticed Terence
  1119 | D:2      | Killed Terence
  1119 | D:2      | Reached XP level 4. HP: 18/29 MP: 2/7
  1421 | D:2      | Reached skill level 4 in Unarmed Combat
  1448 | D:2      | Noticed Robin
  2175 | D:2      | Killed Robin
  2386 | D:3      | Reached XP level 5. HP: 34/34 MP: 6/8
  2423 | D:3      | HP: 1/34 [adder (4)]
  2426 | D:3      | Succumbed to an adder's poison

Levels and vault maps discovered:
D:1:      moated_graveyard_arrival, layout_basic, minivault_25,
          minmay_split_cup_small
D:2:      layout_rooms, chequers_temple_overflow_statue_of_worship, uniq_robin,
          uniq_terence
D:3:      layout_basic, portal_sewer_entry_e, minmay_fountain_box

Skill      XL: |  1  2  3  4 |
---------------+-------------+-----
Unarmed Combat | 4 |  4.3
Fighting       | 2 |  2.2
Dodging        | |  2.9
Spellcasting   | |  2.0
Transmutations | |  2.8

Action                   |  1- 3 |  4- 6 || total
-------------------------+-------+-------++-------
Melee: Unarmed           |    58 |    66 ||   124
       Constrict         |    17 |    16 ||    33
       Tentacles         |    11 |    16 ||    27
       Punch             |     2 |     1 ||     3
       Kick              |       |     3 ||     3
 Cast: Sticks to Snakes  |     4 |     9 ||    13
       Beastly Appendage |       |     1 ||     1
  Use: Potion            |       |     2 ||     2
 Stab: Sleeping          |     4 |     2 ||     6
  Eat: Chunk             |     1 |     4 ||     5
Armor: Skin              |     7 |     6 ||    13
Dodge: Dodged            |    44 |    63 ||   107

Table legend:
 A = Non-vault XP
 B = Vault XP
 C = Vault XP percentage of total XP
 D = Non-vault monster count
 E = Vault monster count
 F = Vault count percentage of total count
                 A         B        C        D         E       F
            +---------+---------+-------+---------+---------+-------
      Total |     122 |      73 |  37.4 |      35 |      17 |  32.7
            +---------+---------+-------+---------+---------+-------
        D:1 |      42 |       4 |   8.7 |      17 |       3 |  15.0
        D:2 |      48 |      69 |  59.0 |      13 |      14 |  51.9
        D:3 |      32 |       0 |   0.0 |       5 |       0 |   0.0
            +---------+---------+-------+---------+---------+-------
